 Dungeon Crawl Stone Soup version 0.27.1-1-g398f81649c (webtiles) character file.

Game seed: 2281070907215313224

611 boopmooplesden the Chopper (level 7, -3/61 HPs)
             Began as a Minotaur Fighter on Sept 9, 2021.
             Slain by an ogre (17 damage)
             ... on level 5 of the Dungeon.
             The game lasted 00:05:05 (4000 turns).

boopmooplesden the Chopper (Minotaur Fighter)       Turns: 4000, Time: 00:05:05

Health: -3/61      AC: 12    Str: 28    XL:     7   Next: 20%
Magic:  6/6        EV:  7    Int:  5    God:
Gold:   167        SH: 12    Dex: 15    Spells: 6/6 levels left

rFire    x . .     SeeInvis .   a - +1 war axe
rCold    + . .     Faith    .   c - +1 kite shield
rNeg     . . .     Spirit   .   m - +0 chain mail
rPois    .         Reflect  .   (helmet restricted)
rElec    .         Harm     .   j - +1 cloak {Stlth+}
rCorr    .         Rampage  .   (no gloves)
Will     .....                  (no boots)
Stlth    ..........             (no amulet)
HPRegen  0.20/turn              (no ring)
MPRegen  0.10/turn              e - ring of Salvation {*Corrode rF- rC+ Str+7 Dex+4}

@: no status effects
A: horns 2, retaliatory headbutt
a: no special abilities


You were on level 5 of the Dungeon.
You visited 1 branch of the dungeon, and saw 5 of its levels.

You collected 167 gold pieces.

Inventory:

Hand Weapons
 a - a +1 war axe (weapon)
Armour
 c - a +1 kite shield (worn)
 g - a scarf of repulsion
 j - a +1 cloak of stealth (worn)
 m - a +0 chain mail (worn)
Jewellery
 e - the ring of Salvation (right hand) {*Corrode rF- rC+ Str+7 Dex+4}
   (You acquired it on level 3 of the Dungeon)

   [ring of protection from cold]

   Str:       It affects your strength (+7).
   Dex:       It affects your dexterity (+4).
   rF:        It makes you vulnerable to fire.
   rC:        It protects you from cold.
   *Corrode:  It may corrode you when you take damage.
 k - a +6 ring of intelligence
Wands
 s - a wand of polymorph (1)
Scrolls
 i - a scroll of immolation {unknown}
 o - 2 scrolls of magic mapping {unknown}
 p - a scroll of identify {unknown}
 q - 4 scrolls of vulnerability {unknown}
 r - a scroll of noise {unknown}
 v - a scroll of amnesia {unknown}
Potions
 b - 2 potions of curing {unknown}
 d - 5 potions of might
 f - a potion of ambrosia {unknown}
 h - a potion of brilliance {unknown}
 l - 2 potions of magic {unknown}
 n - a potion of heal wounds {unknown}
 t - a potion of lignification {unknown}
 u - a potion of attraction {unknown}


   Skills:
 + Level 5.1 Fighting
 + Level 6.4 Axes
 + Level 5.5 Armour
 + Level 1.5 Dodging
 + Level 0.1 Stealth
 + Level 5.3 Shields


You had 6 spell levels left.
You didn't know any spells.
Your spell library contained the following spells:

 Spells                   Type           Power      Damage    Failure   Level
 Shock                    Conj/Air       0%         1d3       100%        1
 Dazzling Flash           Conj/Hex       0%         N/A       100%        3
 Gell's Gravitas          Tloc           0%         N/A       100%        3
 Swiftness                Air            0%         N/A       100%        3
 Teleport Other           Tloc           0%         N/A       100%        3
 Airstrike                Air            0%         N/A       100%        4
 Iskenderun's Mystic Bla  Conj/Tloc      0%         2d3       100%        4
 Dispersal                Tloc           0%         N/A       100%        6
 Starburst                Conj/Fire      0%         6d3       100%        6


Dungeon Overview and Level Annotations

Branches:
Dungeon (5/15)
 Temple: D:4-7

Altars:
Trog


Innate Abilities, Weirdness & Mutations

You have a pair of horns on your head.
You reflexively headbutt those who attack you in melee.


Message History

a +0 giant club; an ogre corpse A worm comes into view.
You slash the worm! Your headbutt misses the worm.
The worm is almost dead.
The worm bites you.
Your shield and chain mail prevent you from hitting the worm.
You headbutt the worm.
The worm is almost dead.
You block the worm's attack.
You barely miss the worm. You headbutt the worm.
You kill the worm!
Found a mace.
You see here a +0 mace.
There is a stone staircase leading down here.
You see here 9 stones.
You see here 9 stones.
You open the door.
An ogre comes into view. It is wielding a +0 giant club.
The ogre shouts!
You barely miss the ogre. The ogre hits you with a +0 giant club!
You barely miss the ogre. Your headbutt misses the ogre.
The ogre hits you with a +0 giant club!!
You barely miss the ogre. Your headbutt misses the ogre.
The ogre hits you with a +0 giant club.
The ogre hits you with a +0 giant club!!
* * * LOW HITPOINT WARNING * * *
You hit the ogre. You headbutt the ogre!
The ogre is moderately wounded.
You block the ogre's attack.
Your chain mail prevents you from hitting the ogre.
The ogre is moderately wounded.
You block the ogre's attack.
You barely miss the ogre.
The ogre is moderately wounded.
The ogre hits you with a +0 giant club.
* * * LOW HITPOINT WARNING * * *
You barely miss the ogre.
The ogre is moderately wounded.
The ogre hits you with a +0 giant club!
You die...

#.......#############....
#.#####.##..........'....
#.##..#.##.##########....
#.....#.##.............#.
#####.#.##.<.....#####'##
######.#'##.......#
#....#
...................#
#....#
.............(.....#
#....#
..........@........#
###)##
#######.#O##.......#
#..... #.#. #....(..#
#.#.#. #.#. #.#####.#
#.#.#. #.#. #.# #.#
#.#.## #.#. #.# #.#
#.#.## #. #.# #.# #.#...
# #. #.# #.# #.#### .
##'#####.# #.####


You could see an ogre.

Vanquished Creatures
  A sky beast (D:5)
  A necrophage (D:5)
  An ogre (D:5)
  2 jellies (D:3)
  A centaur skeleton (D:5)
  Ijyb (D:4)
  An iguana (D:5)
  Terence (D:2)
  A hound skeleton (D:4)
  7 gnolls
  3 adders
  An adder skeleton (D:4)
  4 worms
  A dart slug (D:3)
  3 orcs (D:3)
  6 ball pythons
  8 endoplasms
  A giant cockroach (D:3)
  6 goblins
  8 hobgoblins
  2 quokkas
  8 bats
  4 frilled lizards
  4 kobolds
  3 rats
79 creatures vanquished.

Notes
Turn   | Place    | Note
-------+----------+-------------------------------------------
     0 | D:1      | boopmooplesden the Minotaur Fighter began the quest for the
                  | Orb.
     0 | D:1      | Reached XP level 1. HP: 19/19 MP: 0/0
   147 | D:1      | Reached XP level 2. HP: 26/27 MP: 1/1
   297 | D:1      | Found a faded altar of an unknown god.
   869 | D:2      | Reached XP level 3. HP: 22/33 MP: 2/2
  1055 | D:2      | Reached skill level 3 in Axes
  1056 | D:2      | Reached XP level 4. HP: 18/41 MP: 3/3
  1512 | D:2      | Noticed Terence
  1519 | D:2      | Killed Terence
  1520 | D:2      | Reached skill level 1 in Dodging
  2276 | D:3      | Reached XP level 5. HP: 45/47 MP: 4/4
  2534 | D:3      | Reached skill level 4 in Axes
  2816 | D:3      | Identified a scroll of acquirement
  2816 | D:3      | Acquired the ring of Salvation {*Corrode rF- rC+ Str+7
                  | Dex+4}
  2946 | D:4      | Found a bloodstained altar of Trog.
  3013 | D:4      | Noticed Ijyb
  3022 | D:4      | Killed Ijyb
  3173 | D:4      | Reached XP level 6. HP: 46/55 MP: 5/5
  3178 | D:4      | Reached skill level 5 in Shields
  3393 | D:5      | Entered Level 5 of the Dungeon
  3435 | D:5      | Reached skill level 5 in Axes
  3438 | D:5      | Reached skill level 5 in Armour
  3603 | D:5      | Noticed a sky beast
  3612 | D:5      | Killed a sky beast
  3613 | D:5      | Reached skill level 5 in Fighting
  3613 | D:5      | Reached skill level 6 in Axes
  3613 | D:5      | Reached XP level 7. HP: 54/61 MP: 6/6
  4000 | D:5      | Slain by an ogre

Illustrated notes

Levels and vault maps discovered:
D:1:      dpeg_arrival_round_c, layout_basic,
          shapermc_ecumenical_altar_mp_ritualfount
D:2:      layout_loops_ring, uniq_terence
D:3:      layout_basic
D:4:      layout_rooms, mainiacjoe_overflow_small_starburst, uniq_ijyb
D:5:      layout_basic

Skill      XL: |  1  2  3  4  5  6 |
---------------+-------------------+-----
Fighting       | 4 5 |  5.1
Armour         | 4 5 |  5.5
Shields        | 4 5 |  5.3
Axes           | 3 4 6 |  6.4
Dodging        | 1 |  1.5
Stealth        | |  0.1

Action                   |  1- 3 |  4- 6 |  7- 9 || total
-------------------------+-------+-------+-------++-------
Melee: War axe           |    60 |   113 |    13 ||   186
       Headbutt          |     8 |    19 |     4 ||    31
  Use: Potion            |       |     1 |       ||     1
       Scroll            |       |     4 |       ||     4
Armor: Scale mail        |    36 |     4 |       ||    40
       Chain mail        |       |    38 |       ||    38
Dodge: Dodged            |    21 |    28 |     1 ||    50
Block: Kite shield       |    37 |    58 |     3 ||    98
